 Dungeon Crawl Stone Soup version 0.29.1-15-g9cfb28693d (webtiles) character file.

Game seed: 11156477517267219803

217 cdecastro the Chopper (level 5, -3/45 HPs)
             Began as a Hill Orc Fighter on Mar 3, 2023.
             Was an Initiate of Zin.
             Slain by a sky beast (6 damage)
             ... on level 4 of the Dungeon.
             The game lasted 00:03:29 (3112 turns).

cdecastro the Chopper (Hill Orc Fighter)            Turns: 3112, Time: 00:03:30

Health: -3/45      AC:  6    Str: 21    XL:     5   Next: 94%
Magic:  5/5        EV:  9    Int:  8    God:    Zin [......]
Gold:   43         SH:  0    Dex: 10    Spells: 4/4 levels left

rFire   . . .      SeeInvis .   a - +0 war axe
rCold   . . .      Faith    .   (no shield)
rNeg    . . .      Spirit   .   b - +0 scale mail
rPois   .          Reflect  .   (no helmet)
rElec   .          Harm     .   (no cloak)
rCorr   .          Rampage  .   (no gloves)
Will    .....                   (no boots)
Stlth   ..........              (no amulet)
HPRegen 0.15/turn               (no ring)
MPRegen 0.09/turn               (no ring)

@: no status effects
A: no striking features
a: Renounce Religion, Donate Gold


You were on level 4 of the Dungeon.
You worshipped Zin.
Zin was noncommittal.
You visited 1 branch of the dungeon, and saw 4 of its levels.

You collected 74 gold pieces.
You spent 24 gold pieces at shops.
You donated 7 gold pieces to Zin.

Inventory:

Hand Weapons
 a - a +0 war axe (weapon)
Missiles
 e - 3 boomerangs (quivered)
 j - 3 curare-tipped darts
Armour
 b - a +0 scale mail (worn)
 c - a +0 buckler
 i - a +0 helmet
 l - a +2 kite shield
Magical Staves
 f - a staff of fire
 h - a staff of conjuration
Jewellery
 m - a ring of fire
Wands
 p - a wand of charming (8)
 q - a wand of iceblast (17)
Scrolls
 g - a scroll of teleportation {unknown}
 k - a scroll of blinking {unknown}
Potions
 d - a potion of might
 n - a potion of degeneration
 o - a potion of magic


   Skills:
 - Level 3.6 Fighting
 + Level 7.9 Axes
 - Level 3.2 Armour
 - Level 3.2 Shields


You had 4 spell levels left.
You didn't know any spells.
Your spell library contained the following spells:

 Spells                   Type           Power      Damage    Failure   Level
 Conjure Flame            Conj/Fire      0%         6-21      98%         3
 Gell's Gravitas          Tloc           0%         N/A       98%         3
 Ignite Poison            Fire/Tmut/Pois 0%         N/A       98%         3
 Teleport Other           Tloc           0%         N/A       98%         3
 Sticky Flame             Conj/Fire      0%         2d3       100%        4
 Dispersal                Tloc           0%         N/A       100%        6


Dungeon Overview and Level Annotations

Branches:
Dungeon (4/15)
 Temple: D:4-7

Altars:
Zin

Shops:
D:1 (   D:3 ?


Message History

You barely miss the sky beast. The sky beast hits you.
The sky beast shocks you.
You closely miss the sky beast.
The sky beast hits you but does no damage.
You closely miss the sky beast.
The sky beast hits you but does no damage.
You barely miss the sky beast. The sky beast hits you.
The sky beast shocks you.
You slash the sky beast!
The sky beast is moderately wounded.
The sky beast barely misses you.
You barely miss the sky beast.
The sky beast is moderately wounded.
The sky beast flickers out of sight!
Deactivating autopickup; reactivate with Ctrl-A.
Something hits you. Something shocks you.
You closely miss something.
Something hits you but does no damage. x2
You barely miss something. Something hits you.
* * * LOW HITPOINT WARNING * * *
Something shocks you.
* * * LOW HITPOINT WARNING * * *
You miss something. Something hits you but does no damage.
You closely miss something. Something hits you.
* * * LOW HITPOINT WARNING * * *
Something shocks you.
* * * LOW HITPOINT WARNING * * *
You miss something. Something hits you but does no damage.
You barely miss something. Something hits you but does no damage.
You hit something but do no damage. Something hits you but does no damage.
You miss something. Something hits you but does no damage.
You closely miss something. Something hits you but does no damage.
You barely miss something. Something hits you.
* * * LOW HITPOINT WARNING * * *
Something shocks you.
* * * LOW HITPOINT WARNING * * *
You barely miss something. Something hits you but does no damage.
Something hits you.
* * * LOW HITPOINT WARNING * * *
Something shocks you.
You die...

.. .. # #.. ..
.#.
.#..##.######...
................
#..#..#........
..#.....#?.......
..#....).........
.........@{......
#......##.#######
............$....
#........#######
##........#
.........<#
#..#.....##
+..#....
#........##


There were no monsters in sight!

Vanquished Creatures
  A hound (D:3)
  A jelly (D:4)
  Jessica (D:3)
  Ijyb (D:3)
  An orc wizard (D:3)
  10 orcs (D:3)
  7 endoplasms
  A giant cockroach (D:2)
  4 hobgoblins
  7 jackals
  7 kobolds
  A quokka (D:1)
  13 ball pythons
  8 bats
  3 frilled lizards
  2 goblins
  9 rats
77 creatures vanquished.

Vanquished Creatures (others)
  An adder (D:4)
1 creature vanquished.

Grand Total: 78 creatures vanquished

Notes
Turn   | Place    | Note
-------+----------+-------------------------------------------
     0 | D:1      | cdecastro the Hill Orc Fighter began the quest for the Orb.
     0 | D:1      | Reached XP level 1. HP: 19/19 MP: 1/1
    52 | D:1      | Found a faded altar of an unknown god.
    57 | D:1      | Reached skill level 3 in Axes
   189 | D:1      | Reached XP level 2. HP: 25/26 MP: 2/2
   239 | D:1      | Reached skill level 4 in Axes
   313 | D:1      | Found Cuawnevyo's Weapon Shop.
   429 | D:1      | Reached XP level 3. HP: 30/31 MP: 3/3
   874 | D:2      | Reached skill level 5 in Axes
  1421 | D:2      | Found a glowing silver altar of Zin.
  1442 | D:2      | Reached XP level 4. HP: 39/39 MP: 4/4
  1876 | D:2      | Became a worshipper of Zin the Law-Giver
  1979 | D:3      | Noticed Ijyb
  1990 | D:3      | Killed Ijyb
  1991 | D:3      | Reached skill level 6 in Axes
  2167 | D:3      | Noticed Jessica
  2169 | D:3      | Killed Jessica
  2218 | D:3      | Reached XP level 5. HP: 44/45 MP: 5/5
  2472 | D:3      | Reached skill level 7 in Axes
  2807 | D:3      | Found Etzoirin's Magic Scroll Shop.
  2815 | D:3      | Bought a scroll of identify for 24 gold pieces
  3091 | D:4      | Noticed a sky beast
  3112 | D:4      | Slain by a sky beast

Illustrated notes

Levels and vault maps discovered:
D:1:      dpeg_arrival_round_b, layout_loops_ring, serial_shops, shop_fountains,
          dreamdust_ecumenical_altar_statues
D:2:      layout_loops_corners, basic_altar
D:3:      layout_loops_ring, serial_shops, shop, uniq_ijyb, uniq_jessica
D:4:      layout_basic, mainiacjoe_overflow_surrounded_room,
          mainiacjoe_overflow_paths, nicolae_kikubaaqudgha_miasma_corner,
          minmay_temple_entry_slanted, uniq_duvessa

Skill      XL: |  1  2  3  4  5 |
---------------+----------------+-----
Axes           | 3 4 5 6 7 |  7.9
Fighting       | |  3.6
Armour         | |  3.2
Shields        | |  3.2

Action                   |  1- 3 |  4- 6 || total
-------------------------+-------+-------++-------
Melee: War axe           |   135 |    87 ||   222
       Punch             |     2 |       ||     2
  Use: Scroll            |       |     2 ||     2
Armor: Scale mail        |   102 |    37 ||   139
Dodge: Dodged            |    79 |    39 ||   118
Block: Buckler           |     3 |       ||     3
